 Dungeon Crawl Stone Soup version 0.17-a0-2122-g03d97ec (webtiles) character file.

310 4thArraOfDagon the Shield-Bearer (level 6, 0/49 HPs)
             Began as a Formicid Fighter on Oct 21, 2015.
             Was an Initiate of Cheibriados.
             Slain by a centaur (3 damage)
             ... on level 5 of the Dungeon.
             The game lasted 00:02:01 (268 turns).

4thArraOfDagon the Shield-Bearer (Formicid Fighter)  Turns: 268, Time: 00:02:01

Health: 0/49       AC:  8    Str: 22    XL:     6   Next: 70%
Magic:  6/6        EV:  8    Int: 15    God:    Cheibriados [......]
Gold:   0          SH: 10    Dex: 11    Spells: 0 memorised, 5 levels left

rFire  . . .     SeeInvis +     a - +0 trident
rCold  . . .     Clarity  .     b - +0 scale mail
rNeg   . . .     SustAt   .     c - +0 shield
rPois  .         Gourm    .     (helmet unavailable)
rElec  .         Spirit   .     f - +0 cloak
rCorr  .         Warding  .     (no gloves)
rMut   .         Stasis   +     (no boots)
MR     .....                    (no amulet)
Stlth  ..........               (no ring)
                                (no ring)

@: brilliant, lethally poisoned (0 -> -2), very slow, not resistant to hostile
enchantments, extremely unstealthy
A: permanent stasis, dig shafts and tunnels, four strong arms, antennae 3
a: Dig, Shaft Self, Bend Time, Renounce Religion


You were on level 5 of the Dungeon.
You worshipped Cheibriados.
Cheibriados was noncommittal.
You were not hungry.

You visited 2 branches of the dungeon, and saw 6 of its levels.

Inventory:

Hand Weapons
 a - a +0 trident (weapon)
Armour
 b - a +0 scale mail (worn)
 c - a +0 shield (worn)
 f - a +0 cloak (worn)
Comestibles
 e - 2 bread rations


   Skills:
 + Level 4.3 Fighting
 * Level 4.3 Polearms
 + Level 4.5 Armour
 + Level 4.8 Shields
 + Level 1.0 Invocations


You had 5 spell levels left.
You didn't know any spells.

Dungeon Overview and Level Annotations

Branches:
Dungeon (6/15)             Temple (1/1) D:5

Altars:
Cheibriados
Dithmenos
Makhleb


Innate Abilities, Weirdness & Mutations

You are under a permanent stasis effect.
You can dig through walls and to a lower floor.
Your four strong arms can wield two-handed weapons with a shield.
You have a pair of large antennae on your head (SInv).


Message History

Unknown command.
You aren't carrying any spellbooks or scrolls.
You hit the orc.
The orc is lightly wounded.
The orc hits you with a mace.
* * * LOW HITPOINT WARNING * * *
Unknown command.
You puncture the orc!
You kill the orc!
Cheibriados appreciates the change of pace.
* * * LOW HITPOINT WARNING * * *
You feel sick. The centaur barely misses you.
Unknown command.
Unknown command.
Unknown command.
You puncture the centaur!
The centaur is moderately wounded.
* * * LOW HITPOINT WARNING * * *
You feel sick. The centaur hits you.
You die...

...#.#
...#.################
......##.............
......###...#...#..
....#.#........... ..
........#...#..S#...#
.....................
........#.###.##########
.........#.#.#.(@c.....#
.#.#....###.###.##..#..#
.#.#.#### #####.##..#..#
# .#.#.# #........#..#.#
.#.#.# #.##.###......#
..# #......# ###..### ##
#.............#
#.....#######o# #.....
.#


You could see a centaur.

Vanquished Creatures
  A sky beast (D:6)
  A centaur (D:5)
  A giant frog (D:6)
  A jelly (D:5)
  A worker ant (D:5)
  An adder (D:5)
  A giant gecko (D:5)
  An orc (D:5)
  2 giant cockroaches (D:5)
  A jackal skeleton (D:5)
  A quokka skeleton (D:5)
12 creatures vanquished.

Notes
Turn   | Place    | Note
--------------------------------------------------------------
     0 | D:1      | 4thArraOfDagon the Formicid Fighter began the quest for the Orb.
     0 | D:1      | Reached XP level 1. HP: 18/18 MP: 1/1
    13 | D:1      | You fall through a shaft!
    16 | D:2      | You fall through a shaft for 2 floors!
    16 | D:4      | Noticed an ogre
    19 | D:4      | You fall through a shaft for 2 floors!
    33 | D:6      | Noticed a giant frog
    35 | D:6      | Noticed a sky beast
    38 | D:6      | Killed a giant frog
    38 | D:6      | Reached skill level 4 in Shields
    38 | D:6      | Reached XP level 2. HP: 14/25 MP: 2/2
    38 | D:6      | Reached XP level 3. HP: 16/30 MP: 3/3
    38 | D:6      | Reached XP level 4. HP: 19/37 MP: 4/4
    45 | D:6      | Killed a sky beast
    45 | D:6      | Reached XP level 5. HP: 22/42 MP: 5/5
    55 | D:5      | Entered Level 5 of the Dungeon
    57 | D:5      | Found a staircase to the Ecumenical Temple.
    67 | Temple   | Entered the Ecumenical Temple
    81 | Temple   | Became a worshipper of Cheibriados the Contemplative
   105 | D:5      | Noticed a centaur
   116 | D:5      | Killed a centaur
   116 | D:5      | Reached skill level 1 in Invocations
   116 | D:5      | Reached XP level 6. HP: 14/49 MP: 6/6
   251 | D:5      | Noticed a centaur
   268 | D:5      | Slain by a centaur

Vault maps used:
D:1:      roderic_chinese_lattice_arrival, glass_columns_b
D:2:      nicolae_ru_path_of_blood
D:4:      grunt_temple_overflow_holy_war, portal_sewer_entry_a
D:5:      lemuel_coloured_pillars_altar, minmay_temple_entry_crystal_x,
          first_bread
D:6:      lemuel_doored_altar, bloody_trog, minitemple, serial_shops,
          shop_fountains
Temple:   hc_temple_tempest_star_small

Action                   |  1- 3 |  4- 6 || total
-------------------------+-------+-------++-------
Melee: Trident           |     4 |    53 ||    57
 Abil: Shaft Self        |     3 |       ||     3
       Dig               |       |     2 ||     2
  Use: Potion            |     1 |     1 ||     2
